 Dungeon Crawl Stone Soup version 0.26.0-10-g1f06aea511 (webtiles) character file.

Game seed: 4032643641722642785

75 sanka the Magician (level 4, -2/30 HPs)
             Began as a Barachi Hedge Wizard on Jan 22, 2021.
             Killed by divine providence
             ... invoked by an orc priest
              (14 damage)
             ... on level 4 of the Dungeon.
             The game lasted 00:03:14 (3146 turns).

sanka the Magician (Barachi Hedge Wizard)           Turns: 3146, Time: 00:03:14

Health: -2/30      AC:  2    Str: 11    XL:     4   Next: 31%
Magic:  6/10       EV: 12    Int: 15    God:
Gold:   63         SH:  0    Dex: 12    Spells: 8/11 levels left

rFire    + . .     SeeInvis .   a - +2 dagger (vamp)
rCold    . . .     Faith    .   (no shield)
rNeg     . . .     Spirit   .   b - +0 robe
rPois    .         Reflect  .   c - +0 hat
rElec    .         Harm     .   (no cloak)
rCorr    .         Rampage  .   (no gloves)
Will     .....                  (no boots)
Stlth    ++........             (no amulet)
HPRegen  0.10/turn              (no ring)
MPRegen  0.12/turn              o - ring of protection from fire

@: slow
A: +LOS, swims, slowness 1, strong legs 1
a: Hop


You were on level 4 of the Dungeon.
You visited 1 branch of the dungeon, and saw 3 of its levels.

You collected 63 gold pieces.


Innate Abilities, Weirdness & Mutations

You can be seen from farther away. (+LOS)
You can swim through water.
You cover ground slowly.
You can hop short distances.


   Skills:
 - Level 2.1 Dodging
 - Level 1.7 Stealth
 - Level 4.0 Spellcasting
 - Level 2.0 Conjurations
 + Level 3.6 Summonings
 - Level 1.1 Translocations


You had 8 spell levels left.
You knew the following spells:

 Your Spells              Type           Power        Failure   Level
x - Call Imp              Summ           13%          6%          2
z - Magic Dart            Conj           36%          8%          1

Your spell library contained the following spells:

 Spells                   Type           Power        Failure   Level
 Blink                    Tloc           N/A          17%         2
 Slow                     Hex            3%           26%         2
 Conjure Flame            Conj/Fire      6%           34%         3
 Mephitic Cloud           Conj/Pois/Air  4%           38%         3

Inventory:

Hand Weapons
 a - a +2 vampiric dagger (weapon)
 k - a +0 dagger
Armour
 b - a +0 robe (worn)
 c - a +0 hat (worn)
Jewellery
 o - a ring of protection from fire (right hand)
Scrolls
 d - 2 scrolls of identify {unknown}
 f - a scroll of remove curse {unknown}
 g - 2 scrolls of teleportation {unknown}
 i - 2 scrolls of immolation {unknown}
 l - a scroll of enchant armour {unknown}
 n - a scroll of random uselessness {unknown}
Potions
 e - 2 potions of curing {unknown}
 h - 2 potions of might {unknown}
 j - a potion of heal wounds {unknown}
 m - a potion of haste {unknown}
 p - a potion of brilliance {unknown}

Dungeon Overview and Level Annotations

Branches:
Dungeon (2/15)

Altars:

........▒▒▒▒▒▒▒....▒
▒▒...............▒▒▒
▒▒▒▒'▒.▒▒▒▒▒▒▒▒.▒▒
▒.▒.▒▒▒▒▒.....▒
▒▒.▒+▒.........▒
▒......▒.▒.....▒
..........▒.▒▒.▒.▒▒
▒▒▒...>...▒....▒5▒
..........▒▒▒▒▒▒F▒
..........▒oB5...▒
..........▒o▒▒▒▒▒▒
..........▒.▒
.▒▒.▒.▒)..▒.▒ .
..▒.▒▒▒▒▒B▒ .o. ...
.....


You could see a worker ant, an orc priest, an orc and 2 friendly white imps.


Message History

Found a rapier.
You hear the slow rusting of a very distant drain.
An orc comes into view. It is wielding a +0 hand axe.
An orc and an orc priest come into view.
The orc priest shouts!
The orc shouts!
The orc priest calls down the wrath of Beogh upon you.
Beogh smites you!
A worker ant comes into view.
The orc hits you with a +0 hand axe.
* * * LOW HITPOINT WARNING * * *
The orc hits you with a +0 hand axe.
* * * LOW HITPOINT WARNING * * *
A beastly little devil appears in a puff of frigid air.
The orc hits your white imp with a +0 hand axe.
Your white imp hits the orc but does no damage.
The orc hits your white imp but does no damage.
Your white imp barely misses the orc.
The orc hits your white imp but does no damage.
Your white imp barely misses the orc.
The orc hits your white imp with a +0 hand axe.
Your white imp hits the orc.
Your white imp freezes the orc.
The orc dies!
Your white imp hits the worker ant.
Your white imp freezes the worker ant.
A beastly little devil appears in a puff of frigid air.
The orc priest calls down the wrath of Beogh upon you.
Beogh smites you!
You die...

Action                   |  1- 3 |  4- 6 || total
-------------------------+-------+-------++-------
Melee: Dagger            |    52 |       ||    52
 Cast: Magic Dart        |   102 |    11 ||   113
       Call Imp          |     3 |     2 ||     5
 Stab: Distracted        |     1 |       ||     1
       Sleeping          |     1 |       ||     1
Armor: Robe              |    10 |       ||    10
Dodge: Dodged            |    40 |       ||    40

Levels and vault maps discovered:
D:1:      psy_arrival_fountain, layout_basic, feat_on_display
D:2:      layout_basic, chequers_decorated_corner,
          hangedman_decor_clover_reticule, supply_closet_lemuel
D:4:      layout_basic, portal_sewer_entry_d

Notes
Turn   | Place    | Note
-------+----------+-------------------------------------------
     0 | D:1      | sanka the Barachi Hedge Wizard began the quest for the Orb.
     0 | D:1      | Reached XP level 1. HP: 13/13 MP: 4/4
   319 | D:1      | Reached XP level 2. HP: 19/19 MP: 1/6
   370 | D:1      | Learned a level 2 spell: Call Imp
   506 | D:1      | Reached skill level 2 in Conjurations
   840 | D:1      | Reached skill level 4 in Spellcasting
   887 | D:1      | Reached XP level 3. HP: 24/24 MP: 5/8
  1189 | D:1      | Reached skill level 2 in Summonings
  2415 | D:2      | Reached skill level 3 in Summonings
  2551 | D:2      | Reached XP level 4. HP: 30/30 MP: 3/10
  3146 | D:4      | Killed from afar by an orc priest

Vanquished Creatures
  An adder (D:2)
  An ooze (D:4)
  A worm (D:2)
  2 dart slugs (D:2)
  6 leopard geckos
  3 giant cockroaches
  5 goblins (D:1)
  4 hobgoblins
  4 jackals (D:1)
  3 kobolds
  A ball python (D:2)
  5 bats (D:1)
  5 frilled lizards
  8 rats
49 creatures vanquished.

Vanquished Creatures (collateral kills)
  A worm (D:2)
  An orc (D:4)
2 creatures vanquished.

Grand Total: 51 creatures vanquished

Table legend: (Time is in decaauts)
 A = Elapsed time spent in this place.
 B = Non-inter-level travel time spent in this place.
 C = Inter-level travel time spent in this place.
 D = Time resting spent in this place.
 E = Time spent auto-exploring this place.
 F = Levels seen in this place.
 G = Mean time per level.
                   A        B        C        D        E       F      G
               +--------+--------+--------+--------+--------+-----+--------+
         Total |   3411 |   3296 |    115 |   1305 |   1636 |   3 | 1137.0 |
       Dungeon |   3411 |   3296 |    115 |   1305 |   1636 |   3 | 1137.0 |
               +--------+--------+--------+--------+--------+-----+--------+

Top non-repeatable levels by time:
     D:1: 1773 daAuts
     D:2: 1417 daAuts
     D:4: 220 daAuts
